Map: Ruins of Seras

Players

wabbajack

  • Race: Zerg Zerg
  • League: Gold

SparrOw - Winner!

  • Race: Protoss Protoss
  • League: Gold

VOD

Have the link to the VOD?

Description

Time

  • Played on: July 21, 2015, 7:37 p.m.
  • Length: 17:36
Show
View Real Time Build Order
Export as new Build Order

wabbajack Zerg 

Build Orders: Hatch First 

Get SALT Encoding   

  12  0:01  Drone  
  13  0:13  Overlord  
  13  0:18  Drone  
  14  0:26  Extractor  
  14  0:27  Drone  
  14  0:28  Extractor  
  14  0:30  Drone  
  16  0:36  Drone  
  17  0:57  Hatchery  
  17  1:01  Drone  
  17  1:03  Drone  
  18  1:06  Extractor  
  18  1:09  Drone  
  18  1:23  Spawning Pool  
  17  1:29  Evolution Chamber  
  16  1:34  Drone x2  
  18  1:41  Drone  
  19  1:57  Drone  
  20  2:01  Overlord  
  20  2:19  Queen  
  20  2:20  Queen  
  20  2:21  Zergling x2  
  25  2:24  Zerg Melee Weapons Level 1  
  25  2:27  Extractor  
  24  2:31  Drone x2  
  24  2:36  Drone x2  
  28  2:39  Drone  
  28  2:43  Drone  
  30  2:46  Drone  
  31  2:55  Baneling Nest  
  30  3:01  Metabolic Boost  
  30  3:25  Roach Warren, Pneumatized Carapace  
  29  3:31  Drone x2  
  29  3:32  Drone x2  
  29  3:33  Drone  
  35  3:34  Drone  
  35  3:36  Overlord  
  35  3:41  Overlord  
  34  4:15  Zergling x6  
  34  4:16  Zergling x16  
  45  4:18  Zergling x2  
  46  5:08  Lair  
  46  5:10  Zerg Ground Armor Level 1  
  46  5:12  Overlord x3  
  46  5:13  Overlord  
  46  5:17  Hatchery  
  46  5:18  Baneling x2  
  46  5:19  Baneling  
  46  5:20  Baneling  
  45  5:37  Baneling x4  
  45  6:16  Roach Warren, Drone x2  
  45  6:17  Drone x6  
  45  6:18  Drone  
  53  6:19  Hydralisk Den  
  53  6:20  Zergling x16  
  49  7:14  Lurker Den  
  48  7:16  Infestation Pit  
  48  7:17  Zerg Missile Weapons Level 1  
  48  7:21  Extractor  
  48  7:22  Extractor  
  45  7:24  Queen  
  47  7:31  Drone x3  
  47  7:32  Drone x3  
  47  7:36  Drone x3  
  47  7:37  Drone x5  
  61  7:55  Overlord x4  
  61  7:56  Overlord x2  
  61  7:57  Glial Reconstitution  
  61  8:01  Hive  
  61  8:07  Extractor x2  
  61  8:08  Drone x4  
  61  8:09  Drone x2  
  65  8:16  Queen  
  65  8:18  Hatchery  
  65  8:19  Hatchery  
  65  8:21  Drone x2  
  67  8:28  Hydralisk x3  
  67  8:29  Roach x5  
  77  8:50  Spine Crawler  
  77  8:51  Spine Crawler  
  75  9:17  Spore Crawler  
  75  9:19  Spore Crawler  
  75  9:21  Spore Crawler, Spine Crawler  
  75  9:23  Zerg Ground Armor Level 2, Spine Crawler  
  70  9:28  Drone  
  70  9:29  Drone x2  
  70  9:30  Drone x3  
  70  9:31  Drone x3  
  78  9:33  Drone x3  
  78  9:34  Drone x3  
  85  9:45  Queen  
  87  9:49  Lurker x2  
  87  9:51  Muscular Augments  
  87  9:52  Lurker  
  90  10:01  Adrenal Glands  
  90  10:11  Roach, Ultralisk Cavern  
  90  10:12  Roach x4  
  99  10:20  Drone x2  
  101  10:21  Drone  
  102  10:31  Queen  
  102  10:33  Overlord x2  
  101  10:50  Hydralisk  
  101  10:51  Hydralisk x10  
  123  11:01  Evolution Chamber  
  122  11:07  Hydralisk  
  122  11:08  Hydralisk x4  
  122  11:09  Hydralisk  
  134  11:22  Overseer  
  134  11:23  Overseer  
  107  12:09  Hatchery  
  106  12:16  Hatchery  
  106  12:22  Ultralisk x2  
  129  12:23  Ultralisk x2  
  129  12:31  Hatchery  
  128  12:46  Spine Crawler  
  128  12:48  Spine Crawler  
  96  13:33  Drone x6  
  96  13:34  Drone x5  
  105  13:35  Drone x5  
  105  13:39  Spire  
  105  13:40  Spire  
  110  13:57  Zergling x10  
  110  13:59  Queen  
  110  14:00  Queen  
  119  14:03  Overlord x2  
  119  14:04  Overlord x2, Extractor x2  
  117  14:15  Zerg Melee Weapons Level 2  
  117  14:16  Zerg Ground Armor Level 3  
  117  14:23  Chitinous Plating  
  117  14:36  Extractor  
  117  14:37  Drone x3, Extractor  
  118  14:42  Drone  
  118  14:43  Drone x2  
  118  14:45  Drone x3  
  124  14:46  Drone x3  
  127  14:57  Zerg Flyer Weapons Level 1  
  127  14:58  Zerg Flyer Armor Level 1  
  127  15:01  Corruptor x5  
  127  15:03  Corruptor  
  139  15:15  Queen  
  139  15:17  Drone x3  
  139  15:19  Drone x2  
  139  15:20  Drone  
  147  15:28  Overseer x3  
  147  15:37  Burrow  
  147  15:39  Corruptor  
  147  15:40  Corruptor x3  
  147  15:42  Overlord x2  
  155  15:45  Overlord  
  155  15:46  Overlord  
  155  15:59  Spore Crawler  
  155  16:00  Spine Crawler  
  153  16:26  Overlord  
  153  16:36  Viper  
  153  16:37  Viper x3  
  128  16:58  Corruptor  
  128  16:59  Corruptor x6  
  119  17:02  Zergling x10  
  119  17:03  Zergling x42  
  119  17:04  Zergling x2  
  131  17:18  Spine Crawler x2  
  131  17:19  Spore Crawler  
Show
View Real Time Build Order
Export as new Build Order

SparrOw Protoss - Winner!

Build Orders:  

Get SALT Encoding   

  12  0:01  Probe  
  13  0:13  Pylon  
  13  0:18  Probe  
  14  0:32  Probe (Chrono Boost)  
  15  0:41  Probe (Chrono Boost)  
  16  0:49  Probe  
  17  1:01  Probe (Chrono Boost)  
  18  1:11  Nexus  
  19  1:12  Probe (Chrono Boost)  
  19  1:18  Probe (Chrono Boost)  
  19  1:24  Gateway  
  20  1:30  Probe (Chrono Boost)  
  21  1:41  Assimilator  
  21  1:42  Probe (Chrono Boost)  
  21  1:46  Assimilator  
  22  2:00  Forge  
  22  2:09  Pylon  
  22  2:22  Probe, Zealot (Chrono Boost)  
  25  2:34  Gateway, Probe  
  25  2:36  Probe  
  27  2:46  Cybernetics Core, Probe  
  27  2:47  Zealot (Chrono Boost)  
  27  2:48  Pylon  
  27  2:49  Pylon  
  30  2:52  Probe (Chrono Boost)  
  31  2:59  Probe (Chrono Boost)  
  31  3:05  Probe (Chrono Boost)  
  33  3:07  Assimilator  
  33  3:10  Probe (Chrono Boost)  
  35  3:14  Probe (Chrono Boost)  
  35  3:17  Probe (Chrono Boost)  
  36  3:20  Photon Cannon  
  36  3:22  Probe, Warp Gate (Chrono Boost)  
  36  3:23  Sentry  
  39  3:28  Assimilator  
  39  3:30  Probe (Chrono Boost)  
  39  3:32  Assimilator  
  39  3:34  Probe (Chrono Boost)  
  41  3:39  Pylon  
  42  3:44  Probe x2 (Chrono Boost)  
  43  3:55  Probe (Chrono Boost)  
  44  4:02  Protoss Ground Weapons Level 1 (Chrono Boost)  
  45  4:04  Probe (Chrono Boost)  
  45  4:08  Mothership Core (Chrono Boost)  
  47  4:13  Probe (Chrono Boost), Pylon  
  48  4:18  Pylon  
  48  4:23  Probe (Chrono Boost)  
  48  4:24  Probe (Chrono Boost)  
  50  4:27  Pylon  
  50  4:32  Robotics Facility  
  50  4:35  Probe (Chrono Boost)  
  52  4:39  Pylon  
  52  4:40  Probe (Chrono Boost)  
  52  4:43  Probe (Chrono Boost)  
  53  4:47  Probe  
  53  4:52  Probe  
  55  4:59  Probe, Stargate  
  56  5:00  Pylon  
  56  5:05  Probe  
  57  5:11  Probe  
  58  5:14  Stalker x2  
  58  5:17  Probe  
  63  5:22  Gateway  
  63  5:23  Probe  
  63  5:24  Gateway  
  63  5:26  Observer (Chrono Boost)  
  65  5:29  Probe  
  65  5:31  Twilight Council  
  65  5:32  Pylon  
  65  5:35  Protoss Ground Armor Level 1 (Chrono Boost)  
  66  5:36  Probe  
  66  5:41  Probe  
  68  5:43  Stalker x2  
  68  5:48  Probe  
  73  5:55  Observer  
  74  6:02  Fleet Beacon  
  74  6:15  Stalker x2  
  74  6:18  Stalker  
  80  6:19  Stalker  
  80  6:21  Probe  
  80  6:22  Probe  
  80  6:24  Observer  
  85  6:42  Stalker x2  
  85  6:43  Stalker  
  80  7:05  Probe x2  
  80  7:07  Protoss Ground Weapons Level 2 (Chrono Boost)  
  76  7:08  Zealot  
  78  7:17  Probe (Chrono Boost)  
  80  7:25  Probe (Chrono Boost)  
  80  7:29  Probe (Chrono Boost)  
  81  7:32  Stalker x3  
  81  7:33  Stalker  
  89  7:40  Tempest (Chrono Boost)  
  93  7:45  Probe (Chrono Boost)  
  93  7:46  Probe (Chrono Boost)  
  93  7:51  Nexus  
  95  7:54  Pylon  
  95  7:56  Probe x2 (Chrono Boost), Pylon  
  95  7:58  Zealot x2  
  99  7:59  Zealot, Assimilator  
  99  8:01  Assimilator  
  99  8:05  Zealot  
  105  8:09  Probe x2  
  107  8:19  Tempest (Chrono Boost)  
  111  8:35  Probe x2  
  113  8:53  Probe x2  
  111  8:55  Zealot  
  111  8:56  Zealot x3  
  115  9:05  Probe (Chrono Boost)  
  115  9:09  Probe (Chrono Boost)  
  118  9:11  Blink  
  118  9:14  Probe (Chrono Boost)  
  119  9:17  Probe (Chrono Boost)  
  119  9:20  Probe (Chrono Boost)  
  119  9:22  Probe (Chrono Boost)  
  119  9:23  Tempest (Chrono Boost)  
  125  9:27  Stalker x4  
  133  9:38  Protoss Ground Armor Level 2  
  133  9:51  Gateway  
  133  9:53  Zealot x3  
  133  9:54  Gateway  
  133  9:56  Sentry  
  133  9:57  Gateway  
  141  10:05  Tempest (Chrono Boost)  
  145  10:55  Pylon  
  145  10:56  Pylon  
  145  10:57  Pylon  
  145  10:58  Pylon, Protoss Air Weapons Level 1 (Chrono Boost)  
  145  11:00  Pylon  
  145  11:13  Tempest (Chrono Boost)  
  145  11:16  Stalker x3  
  145  11:17  Stalker x2  
  136  11:55  Tempest (Chrono Boost)  
  136  11:58  Stalker x5  
  136  11:59  Stalker x2  
  142  12:03  Robotics Bay  
  142  12:17  Probe x3  
  142  12:20  Nexus  
  145  12:23  Protoss Ground Armor Level 3 (Chrono Boost)  
  145  12:24  Pylon  
  145  12:26  Pylon  
  145  12:29  Probe x2, Assimilator  
  147  12:30  Tempest (Chrono Boost)  
  147  12:34  Assimilator  
  147  12:43  Protoss Air Armor Level 1  
  131  13:17  Zealot x3  
  131  13:18  Zealot x4  
  143  13:22  Observer (Chrono Boost)  
  144  13:32  Charge (Chrono Boost)  
  144  13:34  Robotics Facility  
  144  13:37  Colossus (Chrono Boost)  
  144  13:38  Tempest (Chrono Boost)  
  144  13:39  Stargate  
  154  13:44  Stalker x5  
  154  13:45  Stalker  
  166  13:55  Probe x4  
  170  14:16  Pylon  
  170  14:21  Colossus (Chrono Boost)  
  170  14:22  Pylon  
  176  14:26  Colossus (Chrono Boost)  
  182  14:35  Dark Shrine  
  182  14:39  Protoss Ground Weapons Level 3 (Chrono Boost)  
  182  14:40  Protoss Air Weapons Level 2 (Chrono Boost)  
  182  14:56  Colossus (Chrono Boost)  
  182  14:58  Colossus (Chrono Boost)  
  194  15:07  Nexus  
  194  15:10  Pylon  
  194  15:11  Pylon  
  194  15:14  Assimilator  
  194  15:18  Assimilator  
  194  15:39  Colossus (Chrono Boost)  
  200  15:50  Nexus  
  200  15:51  Pylon  
  200  15:53  Pylon  
  200  15:56  Assimilator  
  200  16:00  Assimilator  
  186  16:47  Dark Templar  
  186  16:48  Dark Templar x6  
  186  17:23  Stalker x6  
Tags
 
Add a new tag
Caveats
  • Supply blocks, unpowered buildings, or Contaminate may cause inaccurate times.
  • Supply counts are checked every 10 seconds.